 Dungeon Crawl Stone Soup version 0.27-a0-1548-gf8a67e7463 (webtiles) character file.

Game seed: 8373562712076964974

35 Snikeer the Chiller (level 3, -1/19 (25) HPs)
             Began as a Gnoll Ice Elementalist on July 13, 2021.
             Killed from afar by Sigmund (4 damage)
             ... with a puff of flame
             ... on level 2 of the Dungeon.
             The game lasted 00:02:45 (2174 turns).

Snikeer the Chiller (Gnoll Ice Elementalist)        Turns: 2174, Time: 00:02:45

HP:   -1/19 (25)    AC:  7    Str:  7    XL:     3   Next: 35%
MP:   2/9           EV: 15    Int: 15    God:
Gold: 26            SH:  0    Dex: 12    Spells: 5/12 levels left

rFire    . . .     SeeInvis .   (weapon currently unavailable)
rCold    . . .     Faith    .   (shield currently unavailable)
rNeg     . . .     Spirit   .   (armour currently unavailable)
rPois    .         Reflect  .   (helmet currently unavailable)
rElec    .         Harm     .   (cloak currently unavailable)
rCorr    .         Rampage  .   (gloves currently unavailable)
Will     .....                  (boots currently unavailable)
Stlth    ++........             (no amulet)
HPRegen  0.06/turn              (ring currently unavailable)
MPRegen  0.11/turn              (ring currently unavailable)

@: ice-armoured, pig-form, freezing walls, heavily drained, very quick
A: fast, no casting, small, (fangs 1), strong nose, distributed training
a: no special abilities


You were on level 2 of the Dungeon.
You were a filthy swine.
You visited 1 branch of the dungeon, and saw 2 of its levels.

You collected 26 gold pieces.

Inventory:

Hand Weapons
 h - a +1 dagger of draining (melded)
   (You took it off a kobold on level 1 of the Dungeon)
 j - a +0 whip of freezing
   (You took it off a kobold on level 2 of the Dungeon)
Missiles
 g - 42 arrows
 k - 12 sling bullets
 s - 25 stones (quivered)
Armour
 a - a +0 robe (melded)
Scrolls
 b - a scroll of magic mapping {unknown}
 e - a scroll of enchant armour {unknown}
 f - a scroll of teleportation {unknown}
 i - a scroll of vulnerability {unknown}
Potions
 c - a potion of mutation {unknown}
 d - a potion of flight {unknown}


   Skills:
 + Level 0.7 Fighting
 + Level 0.7 Short Blades
 + Level 0.7 Long Blades
 + Level 0.7 Axes
 + Level 0.7 Maces & Flails
 + Level 0.7 Polearms
 + Level 0.7 Staves
 + Level 0.7 Slings
 + Level 0.7 Bows
 + Level 0.7 Crossbows
 + Level 0.7 Throwing
 + Level 0.7 Armour
 + Level 4.5 Dodging
 + Level 4.1 Stealth
 + Level 0.7 Shields
 + Level 0.7 Unarmed Combat
 + Level 5.0 Spellcasting
 + Level 0.5 Conjurations
 + Level 0.5 Hexes
 + Level 0.5 Summonings
 + Level 0.5 Necromancy
 + Level 0.5 Translocations
 + Level 0.5 Transmutations
 + Level 0.5 Fire Magic
 + Level 7.1 Ice Magic
 + Level 0.5 Air Magic
 + Level 0.5 Earth Magic
 + Level 0.5 Poison Magic
 + Level 0.9 Invocations
 + Level 0.7 Evocations


You had 5 spell levels left.
You knew the following spells:

 Your Spells              Type           Power      Damage    Failure   Level
a - Freeze                Ice            100%       1d11      1%          1
b - Frozen Ramparts       Ice            50%        1d7       2%          3
A - Ozocubu's Armour      Ice            25%        N/A       2%          3

Your spell library contained the following spells:

 Spells                   Type           Power      Damage    Failure   Level
 Hailstorm                Conj/Ice       15%        3d5       34%         4


Dungeon Overview and Level Annotations

Branches:
Dungeon (2/15)

Altars:

Shops:
D:1 *

Annotations:
D:2 Sigmund


Innate Abilities, Weirdness & Mutations

You are a filthy swine.
You move quickly.
Your equipment is almost entirely melded.
You are incapable of wielding weapons or throwing items.
You cannot cast spells.
((You have very sharp teeth.))
Your uncanny sense of smell can sniff out nearby items.
Your experience applies equally to all skills.


Message History

You regained 4 hp, and now have 18/19 hp.
An endoplasm is nearby!
An endoplasm is nearby!
An endoplasm is nearby!
An endoplasm is nearby!
No target in view!
No target in view!
No target in view!
No target in view!
The endoplasm quivers.
You see here 20 arrows.
Health restored: 19 The endoplasm closely misses you.
You hit the endoplasm but do no damage. The endoplasm hits you.
You take 3 damage, and have 16/19 hp.
You hit the endoplasm. You drain the endoplasm.
No target in view!
No target in view!
g - 42 arrows (gained 20)
You see here 6 large rocks.
k - 12 sling bullets A kobold comes into view.
It is wielding a +0 club.
A kobold is nearby!
A kobold is nearby!
Health restored: 19 A kobold is nearby!
The helpless kobold fails to defend itself.
You puncture the kobold!
No target in view!
No target in view!
s - 25 stones (gained 3)
You see here a +0 club.
A hobgoblin comes into view.
A hobgoblin is nearby!
No target in view!
No target in view!
No target in view!
A frilled lizard comes into view.
The hobgoblin shouts!
You hear a shout!
Sigmund the Dreaded comes into view.
He is wielding a +0 scythe and carrying a wand of polymorph (8).
You hit the hobgoblin but do no damage. You drain the hobgoblin.
You bite the hobgoblin, but do no damage.
The frilled lizard closely misses you.
Sigmund gestures wildly while chanting.
Sigmund flickers and vanishes!
Deactivating autopickup; reactivate with Ctrl-A.
The hobgoblin hits you.
You take 4 damage, and have 15/19 hp.
MASSIVE DAMAGE!!
You barely miss the hobgoblin. The frilled lizard misses you.
The hobgoblin completely misses you.
You hit the hobgoblin but do no damage. The frilled lizard misses you.
Something hits you! The hobgoblin misses you.
You take 6 damage, and have 9/19 hp.
MASSIVE DAMAGE!!
You are too injured to fight recklessly!
Casting: Freeze (safe; 1% risk of failure)
Confirm with . or Enter, or press ? or * to list all spells.
Aiming: Freeze (safe; 1% risk of failure)
Press: ? - help, Shift-Dir - straight line, f - frilled lizard
Aim: a frilled lizard You freeze the frilled lizard.
You now have 8/9 mp.
Casting: Freeze (safe; 1% risk of failure)
Confirm with . or Enter, or press ? or * to list all spells.
The spell is quite dangerous to cast (2% risk of failure)!
Continue anyway? [Y]es or [N]o only, please.
The spell is quite dangerous to cast (2% risk of failure)!
Continue anyway? [Y]es or [N]o only, please.
The spell is quite dangerous to cast (2% risk of failure)!
Continue anyway?
Okay, then.
Casting: Ozocubu's Armour (quite dangerous; 2% risk of failure)
Confirm with . or Enter, or press ? or * to list all spells.
Okay, then.
Casting: Ozocubu's Armour (quite dangerous; 2% risk of failure)
Confirm with . or Enter, or press ? or * to list all spells.
The spell is quite dangerous to cast (2% risk of failure)!
Continue anyway?
A film of ice covers your body!
A magic dart appears from out of thin air!
The magic dart hits you but does no damage.
You now have 5/9 mp.
Casting: Ozocubu's Armour (quite dangerous; 2% risk of failure)
Confirm with . or Enter, or press ? or * to list all spells.
You can't see any susceptible monsters within range! (Use Z to cast anyway.)
Casting: Ozocubu's Armour (quite dangerous; 2% risk of failure)
Confirm with . or Enter, or press ? or * to list all spells.
The spell is quite dangerous to cast (2% risk of failure)!
Continue anyway?
The walls around you are covered in ice.
The wall freezes something.
Something hits you.
* * * LOW HITPOINT WARNING * * *
You take 6 damage, and have 3/19 hp.
MASSIVE DAMAGE!!
You now have 2/9 mp.
The wall freezes something.
You hear a zap.
You turn into a filthy swine.
Your +1 dagger of draining melds into your body.
Your +0 robe melds into your body.
The wall freezes something.
Something hits you but does no damage.
The wall freezes something!
You hear some strange, mumbled words.
A puff of flame appears from out of thin air!
The puff of flame hits you.
You die...

##...#∆ #.
#..#..?# .. #
#.###.## .###.#
#...### .....##
#.#######.......
#..#...#........
#.......)# .#
#{###.##.# #.#
#.†h..##.####
#.#
#####.##....#
#.# #.#####.#
###.## #.# #.#
#..... #.#
#.###..... #.#
#......... #.#
#######.....
............
###.#.#.##.#


There were no monsters in sight!

Vanquished Creatures
  4 endoplasms
  2 giant cockroaches (D:1)
  A goblin (D:1)
  2 hobgoblins
  7 jackals (D:1)
  6 kobolds
  2 quokkas (D:1)
  A ball python (D:1)
  2 frilled lizards
  2 rats (D:1)
29 creatures vanquished.

Notes
Turn   | Place    | Note
-------+----------+-------------------------------------------
     0 | D:1      | Snikeer the Gnoll Ice Elementalist began the quest for the
                  | Orb.
     0 | D:1      | Reached XP level 1. HP: 13/13 MP: 6/6
   259 | D:1      | Reached XP level 2. HP: 7/19 MP: 0/7
   870 | D:1      | HP: 5/20 [jackal (1)]
  1192 | D:1      | Reached XP level 3. HP: 25/25 MP: 7/9
  1196 | D:1      | Learned a level 3 spell: Frozen Ramparts
  1200 | D:1      | Learned a level 3 spell: Ozocubu's Armour
  1258 | D:1      | Found Yhiziostro's General Store.
  1385 | D:1      | Reached skill level 5 in Spellcasting
  2155 | D:2      | Noticed Sigmund
  2171 | D:2      | HP: 3/19 [something (6)]
  2174 | D:2      | Killed from afar by Sigmund

Illustrated notes

Levels and vault maps discovered:
D:1:      mrwooster_arrival_statue_3, layout_basic, serial_shops,
          nicolae_shop_waterfront, fountainhead
D:2:      layout_loops_ring, hellmonk_ecumenical_altar_pennies_from_heaven,
          minmay_between, uniq_natasha, uniq_crazy_yiuf_cottage, uniq_sigmund

Skill      XL: |  1  2  3 |
---------------+----------+-----
Spellcasting   | 5 |  5.0
Fighting       | |  0.7
Short Blades   | |  0.7
Long Blades    | |  0.7
Axes           | |  0.7
Maces & Flails | |  0.7
Polearms       | |  0.7
Staves         | |  0.7
Slings         | |  0.7
Bows           | |  0.7
Crossbows      | |  0.7
Throwing       | |  0.7
Armour         | |  0.7
Dodging        | |  4.5
Stealth        | |  4.1
Shields        | |  0.7
Unarmed Combat | |  0.7
Conjurations   | |  0.5
Hexes          | |  0.5
Summonings     | |  0.5
Necromancy     | |  0.5
Translocations | |  0.5
Transmutations | |  0.5
Fire Magic     | |  0.5
Ice Magic      | |  7.1
Air Magic      | |  0.5
Earth Magic    | |  0.5
Poison Magic   | |  0.5
Invocations    | |  0.9
Evocations     | |  0.7

Action                   || total
-------------------------++-------
Melee: Short sword       ||    65
       Bite              ||     6
       Dagger            ||    23
 Cast: Freeze            ||    27
       Ozocubu's Armour  ||     1
       Frozen Ramparts   ||     1
 Stab: Sleeping          ||     4
Armor: Robe              ||    16
       Skin              ||     1
Dodge: Dodged            ||    83

Table legend: (Time is in decaauts)
 A = Elapsed time spent in this place.
 B = Non-inter-level travel time spent in this place.
 C = Inter-level travel time spent in this place.
 D = Time resting spent in this place.
 E = Time spent auto-exploring this place.
 F = Levels seen in this place.
 G = Mean time per level.
                   A        B        C        D        E       F      G
               +--------+--------+--------+--------+--------+-----+--------+
         Total |   2181 |   2098 |     83 |      0 |   1824 |   2 | 1090.5 |
       Dungeon |   2181 |   2098 |     83 |      0 |   1824 |   2 | 1090.5 |
               +--------+--------+--------+--------+--------+-----+--------+

Top non-repeatable levels by time:
     D:1: 1752 daAuts
     D:2: 428 daAuts

Table legend:
 A = Kills in this place as a percentage of kills in entire the game.
 B = Kills by you in this place as a percentage of kills by you in the entire game.
 C = Kills by friends in this place as a percentage of kills by friends in the entire game.
 D = Other kills in this place as a percentage of other kills in the entire game.
 E = Experience gained in this place as a percentage of experience gained in the entire game.
 F = Experience gained in this place divided by the number of levels of this place that you have seen.
                   A       B       C       D       E      F
               +-------+-------+-------+-------+-------+----------------------
         Total | 100.0 | 100.0 |   N/A |   N/A | 100.0 |  25.5
       Dungeon | 100.0 | 100.0 |   N/A |   N/A | 100.0 |  25.5
               +-------+-------+-------+-------+-------+----------------------
